3419 views
Uploaded 2020-05-25 14:12:36
Game version 1.32.4 / 1.32.5
25:21 long 2on2 ladder game on (4)HillsbradCreek
Saved by Redwood
3419 views
Uploaded 2020-05-25 14:12:36
Game version 1.32.4 / 1.32.5
25:21 long 2on2 ladder game on (4)HillsbradCreek


90 units @ 14.4k
/ 2k
33 buildings @ 5.4k
/ 2k



| Rod of Necromancy | 4 | 600 |
| Potion of Healing | 5 | 750 |
| Potion of Mana | 1 | 200 |
| Orb of Corruption | 1 | 375 |
| Scroll of Town Portal | 1 | 350 |
| Scroll of Healing | 1 | 250 |
| Healing Salve | 1 | 100 |
| total: | 14 | 2625g |
| Acolyte | 10 | 750 | / | 0 |
| Ghoul | 5 | 600 | / | 0 |
| Crypt Fiend | 7 | 1505 | / | 280 |
| Frost Wyrm | 6 | 2310 | / | 720 |
| Obsidian Statue | 6 | 1200 | / | 210 |
| total: | 34 | 6365g | / | 1210w |
| Spirit Tower | 1 | 145 | / | 40 |
| Crypt | 1 | 200 | / | 50 |
| Graveyard | 1 | 215 | / | 0 |
| Altar of Darkness | 1 | 180 | / | 50 |
| Ziggurat | 10 | 1500 | / | 500 |
| Tomb of Relics | 1 | 130 | / | 30 |
| Necropolis | 1 | 225 | / | 0 |
| Sacrificial Pit | 1 | 75 | / | 150 |
| Slaughterhouse | 1 | 140 | / | 135 |
| Boneyard | 1 | 175 | / | 200 |
| Halls of the Dead | 1 | 320 | / | 210 |
| Black Citadel | 1 | 325 | / | 230 |
| total: | 18 | 2840g | / | 1115w |
| 0:02 | Acolyte |
| 0:05 | Crypt |
| 0:08 | Graveyard |
| 0:16 | Acolyte |
| 0:40 | Altar of Darkness |
| 0:58 | Ziggurat |
| 1:10 | Ghoul |
| 1:25 | Tomb of Relics |
| 1:50 | Crypt Fiend |
| 2:02 | Ziggurat |
| 2:21 | Crypt Fiend |
| 2:43 | Crypt Fiend |
| 2:55 | Death Coil |
| 3:05 | Rod of Necromancy |
| 3:16 | Ziggurat |
| 4:04 | Halls of the Dead |
| 4:19 | Unholy Aura |
| 4:22 | Crypt Fiend |
| 4:35 | Crypt Fiend |
| 4:52 | Ziggurat |
| 5:04 | Crypt Fiend |
| 5:10 | Rod of Necromancy |
| 5:24 | Creature Attack |
| 5:46 | Ghoul |
| 5:46 | Ghoul |
| 6:16 | Death Coil |
| 6:58 | Acolyte |
| 6:58 | Acolyte |
| 7:32 | Sacrificial Pit |
| 7:33 | Black Citadel |
| 7:50 | Rod of Necromancy |
| 8:17 | Frost Nova |
| 8:51 | Burrow |
| 9:04 | Ziggurat |
| 9:30 | Rod of Necromancy |
| 9:31 | Potion of Healing |
| 9:31 | Potion of Mana |
| 9:36 | Crypt Fiend |
| 9:45 | Ziggurat |
| 10:31 | Boneyard |
| 11:07 | Dark Ritual |
| 11:10 | Orb of Corruption |
| 11:21 | Impale |
| 11:51 | Frost Wyrm |
| 11:54 | Creature Carapace |
| 12:21 | Necropolis |
| 12:22 | Unholy Aura |
| 12:39 | Ziggurat |
| 12:40 | Acolyte |
| 12:57 | Frost Wyrm |
| 13:00 | Slaughterhouse |
| 13:22 | Improved Creature Carapace |
| 14:00 | Spiked Carapace |
| 14:09 | Obsidian Statue |
| 14:10 | Destroyer Form |
| 14:29 | Frost Wyrm |
| 14:51 | Acolyte |
| 14:51 | Acolyte |
| 15:12 | Potion of Healing |
| 15:25 | Obsidian Statue |
| 15:35 | Acolyte |
| 16:10 | Potion of Healing |
| 16:20 | Frost Wyrm |
| 16:52 | Frost Nova |
| 17:11 | Obsidian Statue |
| 17:31 | Spirit Tower |
| 18:16 | Ziggurat |
| 18:17 | Ziggurat |
| 18:23 | Impale |
| 18:30 | Ziggurat |
| 19:12 | Frost Wyrm |
| 19:13 | Obsidian Statue |
| 19:16 | Ghoul |
| 19:36 | Scroll of Town Portal |
| 19:50 | Acolyte |
| 20:21 | Obsidian Statue |
| 21:14 | Dark Ritual |
| 21:40 | Death Coil |
| 22:11 | Frost Wyrm |
| 22:13 | Ghoul |
| 22:52 | Obsidian Statue |
| 22:53 | Acolyte |
| 23:24 | Potion of Healing |
| 23:24 | Scroll of Healing |
| 23:32 | Healing Salve |
| 23:32 | Potion of Healing |
| Select group | 1908 |
| Right click | 1061 |
| Select | 551 |
| Chat | 306 |
| Misc. action | 238 |
| Assign group | 110 |
| Build/train/purchase | 102 |
| Use ability | 95 |
| Minimap ping | 4 |
| Item give/drop | 3 |
| Remove unit | 1 |
phiL
(6)
(25:00) : 


| Healing Salve | 5 | 500 |
| Lesser Clarity Potion | 8 | 560 |
| Scroll of Speed | 4 | 200 |
| Potion of Healing | 1 | 150 |
| Tiny Great Hall | 1 | 600 |
| Potion of Mana | 2 | 400 |
| Scroll of Town Portal | 1 | 350 |
| Potion of Lesser Invulnerability | 2 | 300 |
| total: | 24 | 3060g |
| Peon | 18 | 1350 | / | 0 |
| Grunt | 11 | 2200 | / | 0 |
| Spirit Walker | 6 | 1170 | / | 210 |
| Tauren | 2 | 560 | / | 160 |
| Troll Headhunter | 5 | 700 | / | 100 |
| Troll Berserker | 13 | 1820 | / | 260 |
| Demolisher | 1 | 220 | / | 50 |
| total: | 56 | 8020g | / | 780w |
| Watch Tower | 2 | 220 | / | 160 |
| Altar of Storms | 1 | 180 | / | 50 |
| Orc Burrow | 6 | 960 | / | 240 |
| Barracks | 2 | 360 | / | 100 |
| Voodoo Lounge | 1 | 130 | / | 30 |
| Great Hall | 1 | 385 | / | 185 |
| War Mill | 1 | 205 | / | 0 |
| Tauren Totem | 1 | 135 | / | 155 |
| Stronghold | 1 | 315 | / | 190 |
| Fortress | 1 | 325 | / | 190 |
| total: | 15 | 2575g | / | 920w |
| 0:02 | Peon |
| 0:02 | Peon |
| 0:10 | Altar of Storms |
| 0:18 | Orc Burrow |
| 0:26 | Peon |
| 0:33 | Barracks |
| 0:42 | Peon |
| 0:51 | Peon |
| 1:07 | Peon |
| 1:31 | Orc Burrow |
| 1:35 | Grunt |
| 1:46 | Peon |
| 2:10 | Endurance Aura |
| 2:25 | Grunt |
| 2:35 | Peon |
| 2:36 | Grunt |
| 2:48 | Voodoo Lounge |
| 3:16 | Stronghold |
| 3:59 | Orc Burrow |
| 4:00 | Grunt |
| 4:04 | War Stomp |
| 4:28 | Great Hall |
| 5:05 | Grunt |
| 5:14 | Healing Salve |
| 5:14 | Healing Salve |
| 5:47 | Grunt |
| 5:49 | Berserker Strength |
| 5:53 | War Stomp |
| 6:08 | Tauren Totem |
| 6:09 | War Mill |
| 6:11 | Grunt |
| 6:12 | Fortress |
| 7:09 | Grunt |
| 7:26 | Grunt |
| 7:26 | Spirit Walker |
| 7:57 | Grunt |
| 7:57 | Spirit Walker |
| 8:28 | Orc Burrow |
| 9:06 | Grunt |
| 9:11 | Tauren |
| 9:12 | Pulverize |
| 9:17 | Troll Headhunter |
| 9:17 | Troll Headhunter |
| 9:17 | Berserker Upgrade |
| 9:19 | Barracks |
| 9:20 | Spirit Walker Adept Training |
| 9:23 | Steel Ranged Weapons |
| 10:25 | Troll Headhunter |
| 10:30 | Steel Armor |
| 10:31 | Troll Headhunter |
| 10:31 | Troll Headhunter |
| 10:46 | Reinforced Defenses |
| 11:05 | Endurance Aura |
| 11:11 | Orc Burrow |
| 11:59 | Lesser Clarity Potion |
| 11:59 | Healing Salve |
| 12:00 | Scroll of Speed |
| 12:02 | Healing Wave |
| 12:19 | Troll Berserker |
| 12:21 | Spirit Walker Master Training |
| 12:23 | Thorium Ranged Weapons |
| 12:53 | Troll Berserker |
| 13:21 | Serpent Ward |
| 13:42 | Orc Burrow |
| 13:54 | Potion of Healing |
| 13:55 | Tiny Great Hall |
| 14:36 | Peon |
| 14:36 | Peon |
| 14:45 | Peon |
| 14:45 | Peon |
| 14:48 | Troll Berserker |
| 14:50 | Troll Berserker |
| 15:07 | Potion of Lesser Invulnerability |
| 15:14 | Watch Tower |
| 16:36 | War Stomp |
| 16:44 | Healing Wave |
| 16:58 | Troll Berserker |
| 16:58 | Tauren |
| 17:16 | Acid Bomb |
| 17:27 | Troll Berserker |
| 17:33 | Lesser Clarity Potion |
| 17:33 | Potion of Mana |
| 17:33 | Scroll of Speed |
| 17:35 | Lesser Clarity Potion |
| 17:40 | Potion of Mana |
| 18:18 | Spirit Walker |
| 18:20 | Peon |
| 18:24 | Demolisher |
| 18:36 | Troll Berserker |
| 18:39 | Lesser Clarity Potion |
| 18:39 | Scroll of Speed |
| 18:39 | Healing Salve |
| 18:42 | Lesser Clarity Potion |
| 19:03 | Troll Berserker |
| 19:16 | Troll Berserker |
| 19:21 | Lesser Clarity Potion |
| 19:51 | Troll Berserker |
| 19:54 | Spirit Walker |
| 20:05 | Scroll of Town Portal |
| 20:09 | Potion of Lesser Invulnerability |
| 20:35 | Peon |
| 20:35 | Peon |
| 20:35 | Peon |
| 21:07 | Troll Berserker |
| 21:08 | Spirit Walker |
| 21:26 | Troll Berserker |
| 21:28 | Healing Spray |
| 21:38 | Serpent Ward |
| 22:28 | Spirit Walker |
| 22:28 | Troll Berserker |
| 22:39 | Lesser Clarity Potion |
| 22:40 | Healing Salve |
| 22:43 | Lesser Clarity Potion |
| 22:43 | Scroll of Speed |
| 22:55 | Peon |
| 22:55 | Peon |
| 22:57 | Watch Tower |
| Select group | 2431 |
| Right click | 1716 |
| Select | 756 |
| Chat | 308 |
| Misc. action | 184 |
| Build/train/purchase | 178 |
| Assign group | 92 |
| Use ability | 83 |
| Minimap ping | 22 |
| Remove unit | 10 |
| Resource trade | 9 |
| Item give/drop | 5 |
| Esc | 1 |
66 units @ 11k
/ 1.8k
40 buildings @ 5.1k
/ 2k

| Healing Salve | 5 | 500 |
| Lesser Clarity Potion | 8 | 560 |
| Scroll of Speed | 5 | 250 |
| Tiny Great Hall | 1 | 600 |
| Potion of Mana | 4 | 800 |
| Orb of Lightning | 1 | 375 |
| Scroll of Town Portal | 3 | 1050 |
| Staff of Teleportation | 1 | 150 |
| Scroll of Regeneration | 1 | 100 |
| total: | 29 | 4385g |
| Peon | 14 | 1050 | / | 0 |
| Kodo Beast | 19 | 4845 | / | 1140 |
| Troll Batrider | 4 | 640 | / | 160 |
| total: | 37 | 6535g | / | 1300w |
| Altar of Storms | 1 | 180 | / | 50 |
| Orc Burrow | 8 | 1280 | / | 320 |
| Voodoo Lounge | 1 | 130 | / | 30 |
| War Mill | 1 | 205 | / | 0 |
| Great Hall | 2 | 770 | / | 370 |
| Beastiary | 2 | 290 | / | 280 |
| Stronghold | 1 | 315 | / | 190 |
| Fortress | 1 | 325 | / | 190 |
| total: | 15 | 2855g | / | 1050w |
| 0:01 | Peon |
| 0:01 | Peon |
| 0:05 | Altar of Storms |
| 0:12 | Orc Burrow |
| 0:13 | Peon |
| 0:26 | Peon |
| 0:44 | Voodoo Lounge |
| 0:51 | Peon |
| 1:18 | Peon |
| 1:18 | Peon |
| 1:19 | Peon |
| 2:01 | Feral Spirit |
| 2:03 | Healing Salve |
| 2:03 | Lesser Clarity Potion |
| 2:03 | Lesser Clarity Potion |
| 2:03 | Scroll of Speed |
| 2:13 | Stronghold |
| 2:26 | Orc Burrow |
| 3:06 | War Mill |
| 4:36 | Fortress |
| 4:37 | Beastiary |
| 4:37 | Reinforced Defenses |
| 4:42 | Chain Lighting |
| 4:42 | Beastiary |
| 5:10 | Orc Burrow |
| 5:40 | Kodo Beast |
| 5:44 | Kodo Beast |
| 5:49 | Orc Burrow |
| 6:12 | Kodo Beast |
| 6:49 | Kodo Beast |
| 7:34 | Kodo Beast |
| 7:39 | Healing Salve |
| 7:39 | Lesser Clarity Potion |
| 7:52 | Scroll of Speed |
| 8:06 | War Drums Damage Increase |
| 8:59 | Kodo Beast |
| 9:02 | Feral Spirit |
| 9:16 | Healing Salve |
| 9:16 | Lesser Clarity Potion |
| 9:17 | Scroll of Speed |
| 9:41 | Kodo Beast |
| 10:09 | Scroll of Town Portal |
| 10:14 | Healing Salve |
| 10:19 | Chain Lighting |
| 11:31 | Tiny Great Hall |
| 11:31 | Scroll of Speed |
| 11:44 | Kodo Beast |
| 12:03 | Spiked Barricades |
| 12:31 | Kodo Beast |
| 12:33 | Orc Burrow |
| 13:03 | Orc Burrow |
| 13:25 | Kodo Beast |
| 13:27 | Improved Spiked Barricades |
| 13:55 | Kodo Beast |
| 14:15 | Chain Lighting |
| 14:22 | Kodo Beast |
| 14:34 | Kodo Beast |
| 14:41 | Peon |
| 14:41 | Peon |
| 14:46 | Peon |
| 15:05 | Orc Burrow |
| 15:07 | Orc Burrow |
| 16:11 | Kodo Beast |
| 16:33 | Kodo Beast |
| 16:52 | Kodo Beast |
| 17:05 | Peon |
| 17:24 | Earth Quake |
| 17:39 | Kodo Beast |
| 18:14 | Healing Salve |
| 18:14 | Lesser Clarity Potion |
| 18:19 | Scroll of Town Portal |
| 18:19 | Potion of Mana |
| 18:21 | Lesser Clarity Potion |
| 18:27 | Scroll of Speed |
| 18:27 | Orb of Lightning |
| 19:14 | Staff of Teleportation |
| 20:01 | Scroll of Town Portal |
| 20:16 | Great Hall |
| 20:50 | Kodo Beast |
| 21:39 | Kodo Beast |
| 21:40 | Peon |
| 21:40 | Peon |
| 22:11 | Scroll of Regeneration |
| 22:14 | Lesser Clarity Potion |
| 22:16 | Potion of Mana |
| 22:29 | Troll Batrider |
| 22:34 | Troll Batrider |
| 22:54 | Troll Batrider |
| 23:36 | Feral Spirit |
| 24:13 | Troll Batrider |
| 24:42 | Great Hall |
| 24:55 | Lesser Clarity Potion |
| 24:56 | Potion of Mana |
| 24:58 | Potion of Mana |
| Select group | 1719 |
| Right click | 1601 |
| Select | 1375 |
| Misc. action | 582 |
| Use ability | 233 |
| Assign group | 173 |
| Build/train/purchase | 168 |
| Minimap ping | 2 |
| Item give/drop | 1 |
| Esc | 1 |


| Scroll of Regeneration | 3 | 300 |
| Lesser Clarity Potion | 6 | 420 |
| Potion of Healing | 2 | 300 |
| Potion of Mana | 1 | 200 |
| Staff of Sanctuary | 1 | 250 |
| Scroll of Town Portal | 2 | 700 |
| Healing Salve | 1 | 100 |
| total: | 16 | 2270g |
| Peasant | 8 | 600 | / | 0 |
| Rifleman | 14 | 2870 | / | 420 |
| Priest | 4 | 540 | / | 40 |
| Sorceress | 2 | 310 | / | 40 |
| Flying Machine | 1 | 100 | / | 30 |
| total: | 29 | 4420g | / | 530w |
| Scout Tower | 5 | 150 | / | 100 |
| Arcane Tower | 1 | 70 | / | 50 |
| Guard Tower | 4 | 280 | / | 200 |
| Farm | 12 | 960 | / | 240 |
| Blacksmith | 1 | 140 | / | 60 |
| Altar of Kings | 1 | 180 | / | 50 |
| Barracks | 1 | 160 | / | 60 |
| Arcane Vault | 1 | 130 | / | 30 |
| Lumber Mill | 1 | 120 | / | 0 |
| Arcane Sanctum | 2 | 300 | / | 280 |
| Workshop | 1 | 140 | / | 140 |
| Keep | 1 | 320 | / | 210 |
| Castle | 1 | 360 | / | 210 |
| total: | 25 | 2280g | / | 960w |
| 0:04 | Peasant |
| 0:07 | Peasant |
| 0:28 | Peasant |
| 0:33 | Farm |
| 0:35 | Blacksmith |
| 0:43 | Peasant |
| 0:50 | Altar of Kings |
| 0:53 | Barracks |
| 0:58 | Peasant |
| 1:19 | Peasant |
| 1:33 | Peasant |
| 1:38 | Farm |
| 1:56 | Peasant |
| 2:06 | Rifleman |
| 2:10 | Scout Tower |
| 2:20 | Rifleman |
| 2:52 | Holy Light |
| 3:03 | Keep |
| 3:19 | Arcane Vault |
| 3:21 | Farm |
| 3:47 | Arcane Tower |
| 4:10 | Rifleman |
| 4:12 | Farm |
| 4:38 | Rifleman |
| 4:40 | Black Gunpowder |
| 4:43 | Devotion Aura |
| 5:24 | Long Rifles |
| 5:53 | Arcane Sanctum |
| 5:59 | Lumber Mill |
| 6:07 | Farm |
| 6:16 | Holy Light |
| 6:23 | Storm Bolt |
| 6:31 | Scroll of Regeneration |
| 6:31 | Lesser Clarity Potion |
| 7:48 | Rifleman |
| 7:49 | Priest |
| 7:52 | Arcane Sanctum |
| 8:20 | Rifleman |
| 8:34 | Potion of Healing |
| 8:34 | Healing Salve |
| 8:34 | Lesser Clarity Potion |
| 8:55 | Priest Adept Training |
| 9:09 | Thunder Clap |
| 9:14 | Farm |
| 9:20 | Farm |
| 9:21 | Farm |
| 9:22 | Farm |
| 9:23 | Farm |
| 9:31 | Refined Gunpowder |
| 9:38 | Priest |
| 9:56 | Rifleman |
| 10:23 | Rifleman |
| 10:39 | Storm Bolt |
| 10:47 | Castle |
| 10:49 | Studded Leather Armor |
| 11:18 | Improved Masonry |
| 11:43 | Devotion Aura |
| 11:57 | Thunder Clap |
| 12:10 | Sorceress |
| 12:11 | Rifleman |
| 12:37 | Rifleman |
| 12:38 | Lesser Clarity Potion |
| 12:45 | Potion of Mana |
| 12:46 | Lesser Clarity Potion |
| 12:47 | Potion of Healing |
| 12:53 | Sorceress |
| 13:02 | Farm |
| 13:30 | Priest Master Training |
| 13:36 | Imbued Gunpowder |
| 13:59 | Sorceress Adept Training |
| 14:42 | Priest |
| 15:14 | Rifleman |
| 15:25 | Scout Tower |
| 16:52 | Holy Light |
| 17:01 | Storm Bolt |
| 17:06 | Rifleman |
| 17:07 | Reinforced Leather Armor |
| 17:10 | Guard Tower |
| 17:12 | Scout Tower |
| 17:13 | Scout Tower |
| 18:11 | Guard Tower |
| 18:12 | Guard Tower |
| 18:22 | Scroll of Regeneration |
| 18:26 | Scroll of Town Portal |
| 18:43 | Farm |
| 19:47 | Rifleman |
| 21:15 | Resurrection |
| 21:29 | Avatar |
| 21:43 | Scroll of Regeneration |
| 21:43 | Lesser Clarity Potion |
| 21:45 | Lesser Clarity Potion |
| 21:58 | Workshop |
| 22:04 | Magic Sentry |
| 22:37 | Rifleman |
| 22:39 | Scroll of Town Portal |
| 22:40 | Staff of Sanctuary |
| 23:02 | Scout Tower |
| 23:05 | Flying Machine |
| 23:12 | Priest |
| 24:42 | Thunder Clap |
| 24:49 | Devotion Aura |
| 24:52 | Guard Tower |
| Right click | 1614 |
| Select group | 1593 |
| Select | 489 |
| Build/train/purchase | 114 |
| Use ability | 109 |
| Misc. action | 73 |
| Assign group | 72 |
| Item give/drop | 3 |
| Remove unit | 3 |
| Minimap ping | 1 |